 Dungeon Crawl Stone Soup version 0.30-a0-916-g98134172ad (webtiles) character file.

Game seed: 5340560176774385247

7018 Aequonox the Conjurer (level 11, -8/70 HPs)
             Began as a Gargoyle Earth Elementalist on Mar 20, 2023.
             Was a High Priest of Okawaru.
             Mangled by a very large slime creature (54 damage)
             ... on level 9 of the Dungeon.
             The game lasted 00:37:12 (11019 turns).

Aequonox the Conjurer (GrEE)                       Turns: 11019, Time: 00:37:12

Health: -8/70      AC: 23    Str: 14    XL:     11   Next: 8%
Magic:  19/19      EV: 10    Int: 16    God:    Okawaru [*****.]
Gold:   337        SH: 16    Dex: 16    Spells: 15/21 levels left

rFire   . . .      SeeInvis .    E - +6 spear (venom)
rCold   . . .      Faith    .    f - +0 kite shield
rNeg    + . .      Spirit   .    z - +2 leather armour {Will+}
rPois   ∞          Reflect  +    d - +2 helmet
rElec   +          Rampage  .    K - +0 cloak
rCorr   .                        (no gloves)
Will    +....                    c - +0 pair of boots
Stlth   ++                       e - amulet of reflection
HPRegen 0.31/turn                r - +6 ring of dexterity
MPRegen 0.16/turn                N - +4 ring of protection

@: no status effects
A: sickness immunity, AC +8, negative energy resistance 1, electricity
resistance, torment resistance 1, petrification resistance, dopey 1, robust 1
a: Renounce Religion, Heroism, Finesse, Duel


You were on level 9 of the Dungeon.
You worshipped Okawaru.
Okawaru was extremely pleased with you.
You visited 1 branch of the dungeon, and saw 10 of its levels.

You collected 625 gold pieces.
You spent 288 gold pieces at shops.

Inventory:

Hand Weapons
 E - a +6 spear of venom (weapon)
 L - the +3 short sword "Cexkotsy" {flame, Dex+5 SInv}
   (You found it on level 4 of the Dungeon)

   Dex:       It affects your dexterity (+5).
   SInv:      It lets you see invisible.
Missiles
 F - a throwing net
 I - 2 silver javelins
Armour
 c - a +0 pair of boots (worn)
 d - a +2 helmet (worn)
 f - a +0 kite shield (worn)
 w - a +0 robe of cold resistance
 z - a +2 leather armour of willpower (worn)
 K - a +0 cloak (worn)
Magical Staves
 v - a staff of earth
Jewellery
 e - an amulet of reflection (around neck)
 r - a +6 ring of dexterity (left hand)
 B - a ring of ice
 N - a +4 ring of protection (right hand)
Wands
 J - a wand of roots (8)
Scrolls
 a - 2 scrolls of magic mapping
 h - 4 scrolls of enchant armour
 i - 2 scrolls of amnesia
 j - 2 scrolls of blinking
 k - 2 scrolls of vulnerability
 l - 4 scrolls of identify
 o - a scroll of noise {unknown}
 p - a scroll of fog
 s - a scroll of brand weapon {unknown}
 t - a scroll of enchant weapon {unknown}
 u - a scroll of immolation {unknown}
 y - a scroll of fear
 M - a scroll of teleportation
 O - a scroll of torment {unknown}
Potions
 b - 2 potions of magic
 g - 3 potions of mutation
 m - 2 potions of attraction
 n - 3 potions of flight
 q - 2 potions of brilliance
 x - 4 potions of lignification
 A - 2 potions of might
 C - 2 potions of haste
 D - a potion of curing
 G - a potion of degeneration {unknown}
 H - 3 potions of heal wounds


   Skills:
 + Level 6.0 Fighting
 - Level 1.5 Maces & Flails
 + Level 3.8 Polearms
 * Level 7.4 Armour
 - Level 1.9 Dodging
 - Level 4.0 Stealth
 * Level 7.4 Shields
 + Level 5.6 Spellcasting
 * Level 7.4 Conjurations
 - Level 1.2 Transmutations
 - Level 6.1 Earth Magic
 + Level 4.6 Invocations


You had 15 spell levels left.
You knew the following spells:

 Your Spells              Type           Power      Damage    Failure   Level
a - Sandblast             Erth           48%        2d12      3%          1
b - Stone Arrow           Conj/Erth      52%        3d10      9%          3
c - Passwall              Tmut/Erth      13%        N/A       14%         2

Your spell library contained the following spells:

 Spells                   Type           Power      Damage    Failure   Level
 Shock                    Conj/Air       64%        1d7       10%         1
 Sting                    Tmut/Pois      24%        1d4       34%         1
 Apportation              Tloc           8%         N/A       41%         1
 Necrotise                Necr           16%        1d4       41%         1
 Mephitic Cloud           Conj/Pois/Air  12%        N/A       43%         3
 Ensorcelled Hibernation  Hex/Ice        8%         N/A       56%         2
 Poisonous Vapours        Pois/Air       8%         N/A       56%         2
 Flame Wave               Conj/Fire      16%        2d7       67%         4
 Petrify                  Tmut/Erth      16%        N/A       67%         4
 Sticky Flame             Conj/Fire      16%        2d4       67%         4
 Ignite Poison            Fire/Tmut/Pois 5%         N/A       75%         3
 Kindle Blastsparks       Fire/Tloc/Air  8%         2d10      80%         3
 Ozocubu's Armour         Ice            4%         N/A       80%         3
 Swiftness                Air            4%         N/A       80%         3
 Olgreb's Toxic Radiance  Pois           4%         N/A       99%         4
 Passage of Golubria      Tloc           4%         N/A       99%         4
 Agony                    Necr           4%         N/A       100%        5
 Metabolic Englaciation   Hex/Ice        2%         N/A       100%        5
 Yara's Violent Unravell  Hex/Tmut       3%         3d4       100%        5
 Orb of Destruction       Conj           14%        9d7       100%        7
 Ignition                 Fire           2%         3d3       100%        8
 Chain Lightning          Conj/Air       8%         3d10      100%        9
 Summon Small Mammal      Summ           Unusable   N/A       N/A         1
 Cigotuvi's Dreadful Rot  Necr/Pois/Air  Unusable   N/A       N/A         2
 Summon Guardian Golem    Hex/Summ       Unusable   N/A       N/A         3
 Tukima's Dance           Hex            Unusable   N/A       N/A         3
 Simulacrum               Ice/Necr       Unusable   N/A       N/A         6
 Spellforged Servitor     Conj/Summ      Unusable   N/A       N/A         7

Dungeon Overview and Level Annotations

Branches:
Dungeon (10/15)            Temple (0/1) D:5
   Lair: D:8-11         Orc: D:9-12

Altars:
Ashenzari
Elyvilon
Gozag
Kikubaaqudgha
Nemelex Xobeh
Okawaru
Sif Muna
Zin

Shops:
D:2 (   D:4 *   D:5 !   D:6 (   D:8 :

Annotations:
D:4 Menkaure
D:6 2 transporters, TimeIsEndless's ghost, novice OpCj


Innate Abilities, Weirdness & Mutations

You are immune to sickness and miasma.
Your stone body is resilient. (AC +8)
You are immune to poison.
You resist negative energy. (rN+)
You are resistant to electric shocks. (rElec)
You are resistant to unholy torment.
You are immune to petrification.
You are dopey. (Int -2)
You are robust. (+10% HP)


Message History

You hit the slime creature but do no damage.
The slime creature is poisoned.
The slime creature is moderately wounded.
The slime creature completely misses you.
Two slime creatures merge to form a very large slime creature.
You puncture the very large slime creature!
The very large slime creature is lightly wounded.
You hit the very large slime creature but do no damage.
The very large slime creature is lightly wounded.
The slime creature quivers.
You puncture the very large slime creature!
The very large slime creature is moderately wounded.
The very large slime creature hits you!!
The very large slime creature looks more healthy.
The very large slime creature attacks as you move away!
You block the very large slime creature's attack.
The very large slime creature attacks as you move away!
You block the very large slime creature's attack.
The very large slime creature attacks as you move away!
You block the very large slime creature's attack.
The very large slime creature attacks as you move away!
The very large slime creature completely misses you.
The very large slime creature attacks as you move away!
You block the very large slime creature's attack.
The very large slime creature attacks as you move away!
You block the very large slime creature's attack.
The very large slime creature attacks as you move away!
You block the very large slime creature's attack.
There is a stone staircase leading up here.
The very large slime creature barely misses you.
You climb upwards.
There is a stone staircase leading down here.
The very large slime creature attacks as you move away!
You block the very large slime creature's attack.
The very large slime creature attacks as you move away!
The very large slime creature misses you.
The very large slime creature attacks as you move away!
The very large slime creature hits you!!!
Ouch! That really hurt!
You die...

########..#### #....
#.........# #....
#.........# #....
##.........#### #....
#..#######....### #..>.
##)## ####...#######
#..######## ###..# #
#.........# ##.###
#......@..# #...####
#..#####J.# ###.....
#..#.[.#..########......
#..#...#...........#####
#..#..[#..........## ##
#..#####..".......#####.
#.....).................
#.....)...........######
########>.........#


You could see a very large slime creature.

Vanquished Creatures
  A boulder beetle (D:7)
  A two-headed ogre (D:9)
  Pikel (D:7)
  A rime drake (D:10)
  2 trolls (D:9)
  2 wraiths (D:9)
  3 wyverns
  An acid dragon (D:9)
  A water moccasin (D:6)
  Duvessa (D:7)
  A black bear (D:7)
  3 ice beasts
  4 orc warriors
  A sky beast (D:8)
  5 wolves
  A centaur (D:6)
  2 ogres
  4 lemures (D:7)
  5 phantoms
  3 bullfrogs
  3 gnoll sergeants
  2 scorpions
  5 killer bees (D:9)
  Dowan (D:7)
  A howler monkey (D:7)
  2 jellies
  A hound (D:4)
  5 orc priests
  A sleepcap (D:6)
  Crazy Yiuf (D:7)
  Ijyb (D:5)
  Natasha (D:4)
  11 orc wizards
  4 adders
  17 gnolls
  2 white imps (D:5)
  4 ufetubi
  4 worms
  3 dart slugs
  41 orcs
  8 endoplasms
  3 giant cockroaches
  6 goblins
  9 hobgoblins
  5 jackals
  A quokka (D:3)
  6 ball pythons
  6 bats
  10 frilled lizards
  5 kobolds
  3 rats
215 creatures vanquished.

Vanquished Creatures (others)
  A plant (D:5)
1 creature vanquished.

Grand Total: 216 creatures vanquished

Notes
Turn   | Place    | Note
-------+----------+-------------------------------------------
     0 | D:1      | Aequonox the Gargoyle Earth Elementalist began the quest
                  | for the Orb.
     0 | D:1      | Reached XP level 1. HP: 10/10 MP: 3/3
   106 | D:1      | Reached skill level 1 in Transmutations
   106 | D:1      | Reached XP level 2. HP: 15/15 MP: 0/5
   700 | D:1      | Reached XP level 3. HP: 17/19 MP: 1/6
  1270 | D:2      | Reached XP level 4. HP: 24/24 MP: 3/7
  1332 | D:2      | Found Cunto's Weapon Shoppe.
  1626 | D:2      | Reached skill level 1 in Fighting
  1962 | D:3      | You fall into a shaft and drop 1 floor!
  1992 | D:4      | Noticed a scorpion
  2032 | D:3      | Found a white marble altar of Elyvilon.
  2127 | D:4      | Reached skill level 1 in Armour
  2127 | D:4      | Reached skill level 1 in Shields
  2127 | D:4      | Reached skill level 1 in Conjurations
  2127 | D:4      | Reached XP level 5. HP: 29/29 MP: 5/8
  2222 | D:4      | Found a broken altar of Ashenzari.
  2237 | D:4      | Identified the +3 short sword "Cexkotsy" {flame, Dex+5
                  | SInv}
  2552 | D:3      | Found a faded altar of an unknown god.
  2866 | D:3      | Reached XP level 6. HP: 30/35 MP: 6/10
  3364 | D:4      | Found Raho's Retail Resort.
  3466 | D:4      | Noticed Natasha
  3470 | D:4      | Killed Natasha
  3591 | D:4      | Reached XP level 7. HP: 40/40 MP: 7/11
  3645 | D:4      | Noticed Menkaure
  3767 | D:5      | Entered Level 5 of the Dungeon
  3857 | D:5      | Found a glowing silver altar of Zin.
  3879 | D:5      | Found an iron altar of Okawaru.
  3917 | D:5      | Reached skill level 5 in Earth Magic
  4008 | D:5      | Got Ereshkigal's Compilation of Outbursts and the Crypt
  4017 | D:5      | Found a staircase to the Ecumenical Temple.
  4028 | D:5      | Found an opulent altar of Gozag.
  4176 | D:5      | Became a worshipper of Warmaster Okawaru
  4194 | D:5      | Gained mutation: You are dopey. (Int -2) [potion of
                  | mutation]
  4194 | D:5      | Gained mutation: You are robust. (+10% HP) [potion of
                  | mutation]
  4259 | D:5      | Learned a level 3 spell: Stone Arrow
  4627 | D:5      | Noticed Ijyb
  4653 | D:5      | Killed Ijyb
  4853 | D:5      | Reached XP level 8. HP: 38/50 MP: 1/13
  4954 | D:5      | Found Sodu's Distillery.
  5182 | D:5      | Reached * piety under Okawaru
  5183 | D:5      | Reached skill level 1 in Maces & Flails
  5364 | D:5      | Bought a potion of haste for 120 gold pieces
  5364 | D:5      | Bought a potion of curing for 36 gold pieces
  5364 | D:5      | Bought a potion of brilliance for 48 gold pieces
  5364 | D:5      | Bought a potion of flight for 36 gold pieces
  5364 | D:5      | Bought a potion of might for 48 gold pieces
  5712 | D:6      | Noticed a queen bee
  5771 | D:6      | Reached skill level 1 in Invocations
  5812 | D:6      | Found a transporter.
  5814 | D:6      | Found a transporter.
  5822 | D:6      | Noticed TimeIsEndless's ghost (novice OpCj)
  5911 | D:6      | Reached skill level 1 in Polearms
  5997 | D:6      | Reached ** piety under Okawaru
  6236 | D:6      | Reached XP level 9. HP: 54/57 MP: 9/15
  6283 | D:6      | Found Ampaseir's Weapon Boutique.
  6530 | D:7      | Noticed Duvessa
  6530 | D:7      | Noticed Dowan
  6540 | D:7      | Killed Dowan
  6555 | D:7      | Killed Duvessa
  6637 | D:7      | Found a runed translucent door.
  6638 | D:7      | Noticed Crazy Yiuf
  6921 | D:7      | Found an ancient bone altar of Kikubaaqudgha.
  6941 | D:7      | Found a shimmering blue altar of Sif Muna.
  6996 | D:7      | Reached skill level 5 in Armour
  6996 | D:7      | Reached skill level 5 in Conjurations
  7019 | D:7      | Found a sparkling altar of Nemelex Xobeh.
  7047 | D:7      | Reached skill level 5 in Shields
  7072 | D:7      | Noticed Pikel
  7093 | D:7      | Killed Pikel
  7093 | D:7      | Reached *** piety under Okawaru
  7093 | D:7      | Received a gift from Okawaru
  7206 | D:7      | Noticed a boulder beetle
  7227 | D:7      | Killed a boulder beetle
  7228 | D:7      | Reached skill level 5 in Fighting
  7228 | D:7      | Reached skill level 5 in Spellcasting
  7228 | D:7      | Reached XP level 10. HP: 54/64 MP: 2/17
  7705 | D:7      | Killed Crazy Yiuf
  7929 | D:8      | Got the Book of Subzero Austromancy
  8442 | D:8      | Found Ysevy's Vocational Training.
  9006 | D:9      | Reached **** piety under Okawaru
 10245 | D:9      | Learned a level 2 spell: Passwall
 10292 | D:10     | Entered Level 10 of the Dungeon
 10338 | D:10     | Noticed a two-headed ogre
 10356 | D:9      | Killed a two-headed ogre
 10602 | D:10     | Reached ***** piety under Okawaru
 10614 | D:10     | Reached XP level 11. HP: 61/70 MP: 19/19
 10969 | D:10     | Noticed a two-headed ogre
 11019 | D:9      | Mangled by a very large slime creature

Illustrated notes

Levels and vault maps discovered:
D:1:      dpeg_arrival_lava_altar, layout_rooms
D:2:      layout_rooms, serial_shops, nicolae_shop_trees, minivault_23,
          grunt_ministairs_11, kennysheep_minor_cross, minmay_lizard_pond
D:3:      layout_loops_cross, nicolae_overflow_hidden_temple,
          hellmonk_ecumenical_altar_leap_of_faith
D:4:      layout_gridville, evilmike_ruin_ashenzari, grunt_decor_one_mirror,
          nicolae_alphabet_shops, uniq_natasha, uniq_menkaure
D:5:      layout_basic, gammafunk_temple_overflow_forgotten,
          minmay_temple_entry_trees, serial_shops, shop_fountains, minivault_1,
          hangedman_decor_opposing, uniq_ijyb
D:6:      layout_basic, serial_shops, shop, gammafunk_ghost_hive
D:7:      layout_loops_ring, mainiacjoe_overflow_paths,
          grunt_temple_overflow_open, uniq_duvessa, uniq_crazy_yiuf_cottage,
          uniq_pikel
D:8:      layout_loops_ring, minmay_misc_feat_nine_boxes,
          nicolae_shop_vocational
D:9:      layout_rooms, kennysheep_nub, due_unseen_surprise
D:10:     layout_long_grid, hellmonk_lair_entry_icy, nicolae_wooded_promenade

Skill      XL: |  1  2  3  4  5  6  7  8  9 10 11 |
---------------+----------------------------------+-----
Transmutations | 1 |  1.2
Earth Magic    | 4 5 6 |  6.1
Fighting       | 1 2 3 4 5 6 |  6.0
Stealth        | 3 4 |  4.0
Armour         | 1 2 3 4 6 7 |  7.4
Shields        | 1 2 3 4 5 7 |  7.4
Conjurations   | 1 2 3 4 5 7 |  7.4
Spellcasting   | 3 4 5 |  5.6
Maces & Flails | 1 |  1.5
Invocations    | 2 3 4 |  4.6
Polearms       | 1 2 3 |  3.8
Dodging        | |  1.9

Action                     |  1- 3 |  4- 6 |  7- 9 | 10-12 || total
---------------------------+-------+-------+-------+-------++-------
  Melee: Club              |    43 |     6 |       |       ||    49
         Staff             |       |       |   148 |       ||   148
         Flail             |       |       |    28 |       ||    28
         Punch             |       |       |     2 |       ||     2
         Spear             |       |       |   139 |   134 ||   273
         Short sword       |       |       |       |     2 ||     2
   Cast: Sandblast         |    38 |    88 |   137 |    89 ||   352
         Stone Arrow       |       |       |    12 |    13 ||    25
         Passwall          |       |       |       |     2 ||     2
    Use: Scroll            |       |       |     3 |     9 ||    12
         Potion            |       |       |     2 |     1 ||     3
   Stab: Fleeing           |       |       |     2 |       ||     2
         Sleeping          |       |       |     1 |     1 ||     2
 Armour: Robe              |    33 |    13 |       |       ||    46
         Skin              |       |       |    12 |       ||    12
         Leather armour    |       |       |    64 |    72 ||   136
  Dodge: Dodged            |    41 |    22 |    92 |    85 ||   240
  Block: Other             |    15 |     3 |    26 |       ||    44
         Reflection        |       |     1 |     6 |     3 ||    10
         Kite shield       |       |       |   130 |   174 ||   304

Table legend: (Time is in decaauts)
 A = Elapsed time spent in this place.
 B = Non-inter-level travel time spent in this place.
 C = Inter-level travel time spent in this place.
 D = Time resting spent in this place.
 E = Time spent auto-exploring this place.
 F = Levels seen in this place.
 G = Mean time per level.
                   A        B        C        D        E       F      G
               +--------+--------+--------+--------+--------+-----+--------+
         Total |  11310 |  10393 |    917 |    410 |   7275 |  10 | 1131.0 |
       Dungeon |  11310 |  10393 |    917 |    410 |   7275 |  10 | 1131.0 |
               +--------+--------+--------+--------+--------+-----+--------+

Top non-repeatable levels by time:
     D:5: 1836 daAuts
     D:9: 1632 daAuts
     D:7: 1376 daAuts
     D:4: 1076 daAuts
     D:2: 1076 daAuts
     D:8: 1036 daAuts
     D:3: 1026 daAuts
     D:1: 914 daAuts
     D:6: 838 daAuts
    D:10: 496 daAuts
